 Dungeon Crawl Stone Soup version 0.32-a0-306-gfed3edf829 (webtiles) character file.

Game seed: 11162821780739812185

255 oldriver the Digger (level 6, -2/35 HPs)
             Began as a Gargoyle Earth Elementalist on Feb 15, 2024.
             Slain by an orc priest
             ... wielding a +0 war axe
              (8 damage)
             ... on level 4 of the Dungeon.
             The game lasted 00:04:09 (2738 turns).

oldriver the Digger (Gargoyle Earth Elementalist)   Turns: 2738, Time: 00:04:10

Health: -2/35      AC:  9    Str: 13    XL:     6   Next: 15%
Magic:  7/19       EV: 12    Int: 16    God:
Gold:   102        SH:  0    Dex: 10    Spells: 4/11 levels left

rFire   . . .        e - +0 whip
rCold   . . .        (no shield)
rNeg    + . .        a - +0 robe
rPois   ∞            (no helmet)
rElec   +            (no cloak)
rCorr   .            t - +0 pair of gloves
SInv    +            k - +1 pair of boots
Will    .....        (no amulet)
Stlth   ++           o - ring of magical power
HPRegen 0.25/turn    s - ring of see invisible
MPRegen 0.16/turn

%: no passive effects
@: no status effects
A: sickness immunity, AC +4, negative energy resistance 1, electricity
resistance, torment resistance 1, petrification resistance
a: Convert to Beogh


You were on level 4 of the Dungeon.
You visited 1 branch of the dungeon, and saw 4 of its levels.

You collected 128 gold pieces.
You spent 26 gold pieces at shops.

Inventory:

Hand Weapons
 e - a +0 whip (weapon)
Missiles
 h - 5 poisoned darts
 p - a throwing net
Armour
 a - a +0 robe (worn)
 k - a +1 pair of boots (worn)
 t - a +0 pair of gloves (worn)
Jewellery
 n - a ring of flight
 o - a ring of magical power (left hand)
 s - a ring of see invisible (right hand)
Wands
 q - a wand of flame (15)
Scrolls
 f - a scroll of poison
Potions
 b - 2 potions of magic
 c - a potion of ambrosia {unknown}
 i - 2 potions of might
 j - a potion of brilliance {unknown}
 l - a potion of invisibility
 m - a potion of attraction
 r - a potion of berserk rage {unknown}


   Skills:
 + Level 2.0 Fighting
 + Level 2.3 Dodging
 + Level 3.2 Stealth
 * Level 3.3 Spellcasting
 * Level 2.8 Conjurations
 * Level 4.8 Earth Magic


You had 4 spell levels left.
You knew the following spells:

 Your Spells              Type           Power      Damage    Failure   Level
a - Sandblast             Erth           36%        2d10      2%          1
b - Passwall              Erth           18%        N/A       8%          3
c - Stone Arrow           Conj/Erth      28%        3d8       12%         3

Your spell library contained the following spells:

 Spells                   Type           Power      Damage    Failure   Level
 Brom's Barrelling Bould  Conj/Erth      14%        2d4       36%         4
 Petrify                  Alch/Erth      10%        N/A       56%         4


Dungeon Overview and Level Annotations

Branches:
Dungeon (4/15)
 Temple: D:4-7

Altars:
Elyvilon
Nemelex Xobeh
Qazlal
Uskayaw
Xom
Yredelemnul

Shops:
D:2 ?[[


Innate Abilities, Weirdness & Mutations

You are immune to sickness and miasma.
Your stone body is resilient. (AC +4)
You are immune to poison.
You resist negative energy. (rN+)
You are resistant to electric shocks. (rElec)
You are resistant to unholy torment.
You are immune to petrification.


Message History

The orc priest hits you with a +0 war axe.
Unknown command.
Casting: Sandblast (safe; 2% risk of failure)
Confirm with . or Enter, or press ? or * to list all spells.
Aiming: Sandblast (safe; 2% risk of failure)
Press: ? - help, Shift-Dir - straight line, f/p - orc priest
Aim: an orc priest, wielding a +0 war axe and wearing a +0 scale mail (heavily wounded, 84% to hit)
Okay, then.
Casting: Sandblast (safe; 2% risk of failure)
Confirm with . or Enter, or press ? or * to list all spells.
Aiming: Stone Arrow (quite dangerous; 12% risk of failure)
Press: ? - help, Shift-Dir - straight line, f/p - orc priest
Aim: an orc priest, wielding a +0 war axe and wearing a +0 scale mail (heavily wounded, 72% to hit)
The stone arrow misses the orc priest.
The orc priest hits you with a +0 war axe!
* * * LOW HITPOINT WARNING * * *
The orc hits you but does no damage. The orc closely misses you.
Casting: Stone Arrow (quite dangerous; 12% risk of failure)
Confirm with . or Enter, or press ? or * to list all spells.
Aiming: Sandblast (safe; 2% risk of failure)
Press: ? - help, Shift-Dir - straight line, f/p - orc priest
Aim: an orc priest, wielding a +0 war axe and wearing a +0 scale mail (heavily wounded, 84% to hit)
The blast of sand hits the orc priest but does no damage.
The orc priest is heavily wounded.
The orc priest shouts, "The Pantheon deserves no one's loyalty.
Let us show you the true path!" The orc barely misses you.
The orc priest hits you but does no damage.
The orc closely misses you.
Okay, then.
Unknown command.
Unknown command.
Casting: Sandblast (safe; 2% risk of failure)
Confirm with . or Enter, or press ? or * to list all spells.
Aiming: Sandblast (safe; 2% risk of failure)
Press: ? - help, Shift-Dir - straight line, f/p - orc priest
Aim: an orc priest, wielding a +0 war axe and wearing a +0 scale mail (moderately wounded, 84% to hit)
The blast of sand hits the orc priest but does no damage.
The orc priest is moderately wounded.
The orc priest hits you with a +0 war axe!
You die...

............
.?........#
......... .(...).
).... .o) ##o##
#o@o# #.P.# #...#
##.## #.# ##.##
#####
..###...###...#..#
.P....._.....P....#
...###†..###...#..#


You could see an orc priest and 3 orcs.

Vanquished Creatures
  A sky beast (D:3)
  3 adders
  2 dart slugs
  3 ribbon worms
  3 orcs (D:4)
  2 endoplasms (D:1)
  A giant cockroach (D:1)
  2 goblins (D:3)
  6 hobgoblins
  5 jackals
  5 kobolds
  6 quokkas
  10 ball pythons
  10 bats
  A frilled lizard (D:2)
  7 rats
67 creatures vanquished.

Notes
Turn   | Place    | Note
-------+----------+-------------------------------------------
     0 | D:1      | oldriver the Gargoyle Earth Elementalist began the quest
                  | for the Orb.
     0 | D:1      | Reached XP level 1. HP: 10/10 MP: 3/3
   201 | D:1      | Reached XP level 2. HP: 16/16 MP: 3/5
   378 | D:1      | Reached XP level 3. HP: 20/20 MP: 4/6
   521 | D:1      | Reached skill level 1 in Fighting
   897 | D:1      | Learned a level 3 spell: Passwall
   901 | D:1      | Learned a level 3 spell: Stone Arrow
  1089 | D:2      | Found a faded altar of an unknown god.
  1140 | D:2      | Reached skill level 4 in Earth Magic
  1140 | D:2      | Reached XP level 4. HP: 25/25 MP: 8/8
  1222 | D:2      | Found Qutug's Armour Emporium.
  1353 | D:2      | Identified the +3 buckler "Xirr" {-Cast rPois rF+ Dex+6}
  1589 | D:2      | Found Xakuipt's Antique Armour Shoppe.
  1621 | D:2      | Found Ohupp's Magic Scroll Boutique.
  1624 | D:2      | Bought a scroll of identify for 26 gold pieces
  1828 | D:3      | Found a stormy altar of Qazlal.
  1828 | D:3      | Noticed a sky beast
  1835 | D:3      | Killed a sky beast
  1836 | D:3      | Reached XP level 5. HP: 30/30 MP: 9/9
  1917 | D:3      | Found a sparkling altar of Nemelex Xobeh.
  2024 | D:3      | Found a basalt altar of Yredelemnul.
  2088 | D:3      | Reached XP level 6. HP: 32/35 MP: 10/10
  2243 | D:3      | Found a hide-covered altar of Uskayaw.
  2347 | D:3      | Found a shimmering altar of Xom.
  2695 | D:4      | Found a white marble altar of Elyvilon.
  2738 | D:4      | Slain by an orc priest

Illustrated notes

Levels and vault maps discovered:
D:1:      scummos_arrival_gate, layout_loops_ring
D:2:      layout_basic, serial_shops, shop, shop, nicolae_shop_window_shopping,
          chequers_ecumenical_altar_lobes, minmay_three_crescents
D:3:      layout_loops_ring, lemuel_crystal_altar,
          mainiacjoe_overflow_concentric_impassable,
          mainiacjoe_overflow_brackets, nicolae_qazlal_beasts_of_the_sky,
          mainiacjoe_overflow_surrounded_room, dreamdust_princess_bridge,
          chequers_serial_rivers_micro_e, amcnicky_mini_rare_corridor_liquid
D:4:      layout_basic, elyvilon_altar_1, mainiacjoe_overflow_boulevard,
          minmay_temple_entry_antechambers, hex_large, roderic_lattice_a,
          guppyfry_early_orc_mine

Skill      XL: |  1  2  3  4  5  6 |
---------------+-------------------+-----
Fighting       | 1 2 |  2.0
Dodging        | 2 |  2.3
Earth Magic    | 4 |  4.8
Conjurations   | 2 |  2.8
Stealth        | 3 |  3.2
Spellcasting   | 3 |  3.3

Action                     |  1- 3 |  4- 6 || total
---------------------------+-------+-------++-------
  Melee: Unarmed           |     4 |       ||     4
         Whip              |     2 |     7 ||     9
   Cast: Sandblast         |    38 |    58 ||    96
         Stone Arrow       |       |     1 ||     1
    Use: Scroll            |       |     9 ||     9
         Potion            |       |     1 ||     1
 Armour: Robe              |     8 |    31 ||    39
  Dodge: Dodged            |     6 |    26 ||    32

Table legend: (Time is in decaauts)
 A = Elapsed time spent in this place.
 B = Non-inter-level travel time spent in this place.
 C = Inter-level travel time spent in this place.
 D = Time resting spent in this place.
 E = Time spent auto-exploring this place.
 F = Levels seen in this place.
 G = Mean time per level.
                   A        B        C        D        E       F      G
               +--------+--------+--------+--------+--------+-----+--------+
         Total |   2784 |   2683 |    101 |     28 |   2227 |   4 |  696.0 |
       Dungeon |   2784 |   2683 |    101 |     28 |   2227 |   4 |  696.0 |
               +--------+--------+--------+--------+--------+-----+--------+

Top non-repeatable levels by time:
     D:1: 948 daAuts
     D:2: 906 daAuts
     D:3: 880 daAuts
     D:4: 49 daAuts
